 Dungeon Crawl Stone Soup version 0.28.0-47-ge53b351184 (webtiles) character file.

Game seed: 9680259087302277653

461 Iusername the Covered (level 6, -5/56 HPs)
             Began as a Minotaur Fighter on May 9, 2022.
             Slain by Soldner's ghost (16 damage)
             ... on level 4 of the Dungeon.
             The game lasted 00:03:29 (3628 turns).

Iusername the Covered (Minotaur Fighter)            Turns: 3628, Time: 00:03:31

Health: -5/56      AC:  7    Str: 23    XL:     6   Next: 79%
Magic:  5/5        EV:  9    Int:  5    God:
Gold:   278        SH:  5    Dex:  9    Spells: 5/5 levels left

rFire   . . .      SeeInvis .   a - +0 flail
rCold   . . .      Faith    .   c - +0 buckler
rNeg    . . .      Spirit   .   b - +0 scale mail
rPois   .          Reflect  .   (helmet restricted)
rElec   .          Harm     .   (no cloak)
rCorr   .          Rampage  .   (no gloves)
Will    .....                   (no boots)
Stlth   ..........              (no amulet)
HPRegen 0.18/turn               (no ring)
MPRegen 0.09/turn               (no ring)

@: mighty
A: horns 2, retaliatory headbutt
a: no special abilities


You were on level 4 of the Dungeon.
You visited 1 branch of the dungeon, and saw 4 of its levels.

You collected 278 gold pieces.

Inventory:

Hand Weapons
 a - a +0 flail (weapon)
Armour
 b - a +0 scale mail (worn)
 c - a +0 buckler (worn)
Jewellery
 l - an amulet of the acrobat
Wands
 h - a wand of digging (3)
Scrolls
 e - 2 scrolls of enchant weapon {unknown}
 f - 2 scrolls of blinking {unknown}
 g - 2 scrolls of summoning {unknown}
 j - a scroll of amnesia {unknown}
 k - a scroll of immolation {unknown}
Potions
 d - a potion of might
 i - 3 potions of curing {unknown}
 m - a potion of haste {unknown}
 n - a potion of mutation {unknown}
 o - a potion of flight {unknown}
 p - a potion of magic {unknown}


   Skills:
 + Level 5.5 Fighting
 + Level 4.8 Maces & Flails
 + Level 5.6 Armour
 + Level 5.5 Shields


You had 5 spell levels left.
You didn't know any spells.
Your spell library was empty.

Dungeon Overview and Level Annotations

Branches:
Dungeon (4/15)             Temple (0/1) D:4

Altars:
Zin
Beogh

Annotations:
D:4 Soldner's ghost, novice HOFi


Innate Abilities, Weirdness & Mutations

You have a pair of horns on your head.
You reflexively headbutt those who attack you in melee.


Message History

No reachable target in view!
Could not explore, unopened runed door.
You feel very mighty all of a sudden.
You open the gate. You thump the orc!
You kill the orc!
You block the orc's attack.
The orc priest mumbles some strange prayers to Beogh against you.
Beogh smites you! You block the orc's attack. x2
You barely miss Soldner's ghost. You block Soldner's ghost's attack.
The orc hits you with a +0 short sword. The orc barely misses you.
Soldner's ghost hits you!
You completely miss Soldner's ghost. You headbutt Soldner's ghost!
Soldner's ghost is moderately damaged.
The orc closely misses you. The orc barely misses you.
Soldner's ghost hits you but does no damage.
The orc hits you but does no damage.
You barely miss Soldner's ghost.
Soldner's ghost is moderately damaged.
The orc priest invokes the aid of Beogh against you.
Beogh smites you! The orc closely misses you. The orc barely misses you.
Soldner's ghost hits you!
* * * LOW HITPOINT WARNING * * *
You are too injured to fight recklessly!
You are too injured to fight recklessly!
Unknown command.
Unknown command.
You are too injured to fight recklessly!
Unknown command.
You are too injured to fight recklessly!
Unknown command.
Unknown command.
You hit Soldner's ghost but do no damage.
Soldner's ghost is moderately damaged.
The orc hits you with a +0 short sword.
* * * LOW HITPOINT WARNING * * *
You block the orc's attack. The orc hits you with a +0 flail.
* * * LOW HITPOINT WARNING * * *
Soldner's ghost hits you!
You die...

###########
#.........########
#.......oo.......#
#.8.....@o......8#
#.######Wo'#######
#######.#.....o.......#
##.....#.#....#####....#
##........#.###.../.###.#
#.....[...#o#8#..8..#8#.#
#.........#.............#
#.........#8....[_[....8#
#.........#######


You could see an orc priest, Soldner's ghost and 4 orcs.

Vanquished Creatures
  Sigmund (D:2)
  A hound (D:4)
  2 orc priests
  A bullfrog skeleton (D:4)
  Jessica (D:3)
  Ijyb (D:3)
  7 adders
  An adder skeleton (D:4)
  2 worms (D:3)
  A dart slug (D:3)
  5 orcs
  4 bats
  5 endoplasms
  3 giant cockroaches
  7 hobgoblins
  7 jackals
  A quokka (D:4)
  4 ball pythons
  4 frilled lizards
  6 goblins
  3 kobolds
  6 rats
73 creatures vanquished.

Notes
Turn   | Place    | Note
-------+----------+-------------------------------------------
     0 | D:1      | Iusername the Minotaur Fighter began the quest for the Orb.
     0 | D:1      | Reached XP level 1. HP: 19/19 MP: 0/0
    85 | D:1      | Found a faded altar of an unknown god.
   158 | D:1      | Reached XP level 2. HP: 27/27 MP: 1/1
   771 | D:2      | Reached XP level 3. HP: 16/33 MP: 2/2
  1316 | D:2      | Noticed Sigmund
  1325 | D:2      | Killed Sigmund
  1326 | D:2      | Reached XP level 4. HP: 35/41 MP: 3/3
  1326 | D:2      | Reached XP level 5. HP: 41/47 MP: 4/4
  1511 | D:2      | Reached skill level 5 in Shields
  1556 | D:2      | Reached skill level 5 in Armour
  1960 | D:3      | Reached skill level 5 in Fighting
  2514 | D:3      | Noticed Ijyb
  2521 | D:3      | Killed Ijyb
  2522 | D:3      | Reached XP level 6. HP: 54/56 MP: 5/5
  2649 | D:3      | Noticed Jessica
  2653 | D:3      | Killed Jessica
  3139 | D:4      | Found a glowing silver altar of Zin.
  3322 | D:4      | Found a staircase to the Ecumenical Temple.
  3594 | D:4      | Found a runed translucent gate.
  3594 | D:4      | Identified the +6 hand axe "Dragon's Tongue" {flame, rC-
                  | MP+9 Dex+3}
  3594 | D:4      | Identified the +3 ring mail of Vexation {rElec rC++}
  3594 | D:4      | Noticed Soldner's ghost (novice HOFi)
  3602 | D:4      | Found a runed translucent gate.
  3603 | D:4      | Found a runed translucent gate.
  3628 | D:4      | Slain by Soldner's ghost

Illustrated notes

Levels and vault maps discovered:
D:1:      dpeg_arrival_shelter, layout_loops_cross,
          hellmonk_ecumenical_altar_crossroads
D:2:      kb_forest_paths, layout_rooms, uniq_sigmund
D:3:      layout_loops_ring, serial_aquarium, aquarium_bridge_long_separate
          [aquarium_subvault_bridge, aquarium_subvault_bridge,
          aquarium_subvault_bridge, aquarium_subvault_bridge,
          aquarium_subvault_window, aquarium_subvault_wall], aquarium_window_1,
          aquarium_window_fake, aquarium_window_1, aquarium_window_corner,
          aquarium_view_2g, aquarium_balcony_1b, aquarium_pool_five,
          uniq_jessica, uniq_ijyb
D:4:      layout_rooms, amcnicky_altar_gilded,
          minmay_temple_entry_enclosed_plants, biasface_ghost_orc_armoury

Skill      XL: |  1  2  3  4  5 |
---------------+----------------+-----
Shields        | 4 5 |  5.5
Armour         | 4 5 |  5.6
Fighting       | 4 5 |  5.5
Maces & Flails | 3 4 |  4.8

Action                   |  1- 3 |  4- 6 || total
-------------------------+-------+-------++-------
Melee: Flail             |    75 |   108 ||   183
       Headbutt          |     6 |    15 ||    21
  Use: Potion            |     1 |     1 ||     2
Armor: Scale mail        |    43 |    57 ||   100
Dodge: Dodged            |    24 |    44 ||    68
Block: Buckler           |    22 |    29 ||    51
